 Dungeon Crawl Stone Soup version 0.30-a0-618-gd6c86c23d0 (webtiles) character file.

Game seed: 14300414556239744565

33 bande the Shield-Bearer (level 3, -1/23 HPs)
             Began as a Gargoyle Fighter on Jan 9, 2023.
             Slain by a goblin
             ... wielding a +0 dagger
             ... led by Robin
              (4 damage)
             ... on level 2 of the Dungeon.
             The game lasted 00:01:05 (555 turns).

bande the Shield-Bearer (Gargoyle Fighter)           Turns: 555, Time: 00:01:06

Health: -1/23      AC: 11    Str: 19    XL:     3   Next: 29%
Magic:  3/3        EV:  9    Int:  8    God:
Gold:   63         SH:  4    Dex: 11    Spells: 2/2 levels left

rFire   . . .      SeeInvis .    a - +0 war axe
rCold   . . .      Faith    .    c - +0 buckler
rNeg    + . .      Spirit   .    b - +0 scale mail
rPois   ∞          Reflect  .    (no helmet)
rElec   +          Harm     .    (no cloak)
rCorr   .          Rampage  .    h - +0 pair of gloves
Will    .....                    (no boots) Stlth
                                 (no amulet)
HPRegen 0.23/turn                (no ring)
MPRegen 0.08/turn                (no ring)

@: no status effects
A: sickness immunity, AC +3, negative energy resistance 1, electricity
resistance, torment resistance 1, petrification resistance
a: no special abilities


You were on level 2 of the Dungeon.
You visited 1 branch of the dungeon, and saw 2 of its levels.

You collected 63 gold pieces.

Inventory:

Hand Weapons
 a - a +0 war axe (weapon)
Armour
 b - a +0 scale mail (worn)
 c - a +0 buckler (worn)
 h - a +0 pair of gloves (worn)
Scrolls
 f - a scroll of identify {unknown}
 g - a scroll of magic mapping {unknown}
 k - a scroll of enchant armour {unknown}
Potions
 d - 2 potions of might
 e - 2 potions of haste {unknown}
 i - a potion of experience {unknown}
 j - a potion of mutation {unknown}


   Skills:
 + Level 3.6 Fighting
 + Level 2.3 Axes
 + Level 3.6 Armour
 + Level 3.7 Shields


You had 2 spell levels left.
You didn't know any spells.
Your spell library was empty.

Dungeon Overview and Level Annotations

Branches:
Dungeon (2/15)

Altars:

Shops:
D:1 (

Annotations:
D:2 Robin


Innate Abilities, Weirdness & Mutations

You are immune to sickness and miasma.
Your stone body is resilient. (AC +3)
You are immune to poison.
You resist negative energy. (rN+)
You are resistant to electric shocks. (rElec)
You are resistant to unholy torment.
You are immune to petrification.


Message History

You closely miss the hobgoblin. You hit Robin. You closely miss the hobgoblin.
The hobgoblin hits you but does no damage.
The hobgoblin hits you. You block Robin's attack.
You hit Robin but do no damage.
Robin is moderately wounded.
You slash the hobgoblin!
You kill the hobgoblin!
You hit the hobgoblin.
The goblin unwields a +0 club.
The goblin wields a +0 sling.
The goblin shoots a sling bullet.
The sling bullet barely misses you.
A goblin comes into view. It is wielding a +0 dagger.
The hobgoblin hits you but does no damage.
Robin throws the goblin at you!
The goblin hits you with a +0 quarterstaff!
Robin roars a battlecry!
The goblins go into a battle-frenzy!
The hobgoblin hits you but does no damage.
The goblin shoots a sling bullet.
The sling bullet closely misses you.
The sling bullet closely misses the goblin.
You are too injured to fight recklessly!
You are too injured to fight recklessly!
Unknown command.
You slash Robin!
Robin is almost dead.
You barely miss the hobgoblin. You closely miss the goblin.
The goblin hits you with a +0 quarterstaff.
* * * LOW HITPOINT WARNING * * *
Robin throws the goblin at you!
* * * LOW HITPOINT WARNING * * *
The goblin unwields a +0 sling.
The goblin wields a +0 club.
The goblin hits you but does no damage.
You closely miss Robin.
Robin is almost dead.
You hit the goblin.
You kill the goblin!
You closely miss the goblin. You barely miss the hobgoblin.
You block the hobgoblin's attack. Robin throws the goblin at you!
The goblin hits you but does no damage. Robin hits you but does no damage.
The goblin hits you with a +0 dagger.
You die...

### ..# #.#
#.# ###.####
#...<.†#
#.#.##.#
...###g#g##.#
....gg)@)##.#
...###gg###.#
....# #.#
####.# #.#
#.# #.# ..#
#.# ###


You could see Robin, 2 hobgoblins and 3 goblins.

Vanquished Creatures
  2 ball pythons (D:1)
  4 endoplasms (D:1)
  2 giant cockroaches (D:1)
  10 goblins
  2 hobgoblins
  A quokka (D:1)
  2 bats
  4 frilled lizards (D:1)
  2 kobolds (D:1)
  2 rats (D:1)
31 creatures vanquished.

Notes
Turn   | Place    | Note
-------+----------+-------------------------------------------
     0 | D:1      | bande the Gargoyle Fighter began the quest for the Orb.
     0 | D:1      | Reached XP level 1. HP: 14/14 MP: 1/1
   151 | D:1      | Reached XP level 2. HP: 15/19 MP: 2/2
   227 | D:1      | Found Goruvoma's Weapon Emporium.
   367 | D:1      | Reached XP level 3. HP: 19/23 MP: 3/3
   387 | D:1      | Found a faded altar of an unknown god.
   546 | D:2      | Noticed Robin
   555 | D:2      | Slain by a goblin

Illustrated notes

Levels and vault maps discovered:
D:1:      dpeg_arrival_more_subterranean_lakeside_camping, layout_rooms,
          serial_shops, nicolae_shop_bloodbath_and_beyond,
          ebering_ecumenical_altar_petrified
D:2:      layout_loops_corners, minmay_lizard_king, uniq_robin

Skill      XL: |  1  2 |
---------------+-------+-----
Axes           | 2 |  2.3
Fighting       | |  3.6
Armour         | |  3.6
Shields        | |  3.7

Action                   || total
-------------------------++-------
Melee: War axe           ||    72
Armor: Scale mail        ||    55
Dodge: Dodged            ||    51
Block: Buckler           ||    22

Table legend: (Time is in decaauts)
 A = Elapsed time spent in this place.
 B = Non-inter-level travel time spent in this place.
 C = Inter-level travel time spent in this place.
 D = Time resting spent in this place.
 E = Time spent auto-exploring this place.
 F = Levels seen in this place.
 G = Mean time per level.
                   A        B        C        D        E       F      G
               +--------+--------+--------+--------+--------+-----+--------+
         Total |    590 |    577 |     13 |      0 |    383 |   2 |  295.0 |
       Dungeon |    590 |    577 |     13 |      0 |    383 |   2 |  295.0 |
               +--------+--------+--------+--------+--------+-----+--------+

Top non-repeatable levels by time:
     D:1: 561 daAuts
     D:2: 28 daAuts
